 Dungeon Crawl Stone Soup version 0.31.0-11-ge490571c62 (webtiles) character file.

Game seed: 14928834273192055248

4291 browni3141 the Blocker (level 10, 0/88 HPs)
             Began as a Minotaur Fighter on Jan 29, 2024.
             Was a Follower of Okawaru.
             Constricted to death by Maggie (4 damage)
             ... on level 8 of the Dungeon.
             The game lasted 00:04:24 (7117 turns).

browni3141 the Blocker (Minotaur Fighter)           Turns: 7117, Time: 00:04:25

Health: 0/88       AC: 12    Str: 26    XL:     10   Next: 11%
Magic:  0/9        EV: 10    Int:  5    God:    Okawaru [*.....]
Gold:   399        SH: 15    Dex:  9    Spells: 9/9 levels left

rFire   . . .        a - +0 war axe
rCold   . . .        m - +0 tower shield
rNeg    . . .        v - +2 scale mail {Will+}
rPois   .            (helmet restricted)
rElec   .            s - +0 cloak
rCorr   .            k - +0 pair of gloves
SInv    .            (no boots)
Will    +....        L - amulet of guardian spirit Stlth
                     D - +5 ring of evasion
HPRegen 0.34/turn    (no ring)
MPRegen 0.11/turn

%: guardian spirit
@: grasped by roots, constricted
A: horns 2, retaliatory headbutt
a: Renounce Religion, Heroism


You were on level 8 of the Dungeon.
You worshipped Okawaru.
Okawaru was aware of your devotion.
You visited 2 branches of the dungeon, and saw 9 of its levels.
You also visited: Ossuary.

You collected 399 gold pieces.

Inventory:

Hand Weapons
 a - a +0 war axe (weapon)
Missiles
 t - 6 boomerangs (quivered)
Armour
 b - a +0 scale mail
 c - a +0 buckler
 k - a +0 pair of gloves (worn)
 m - a +0 tower shield (worn)
 n - a +0 chain mail
 s - a +0 cloak (worn)
 v - a +2 scale mail of willpower (worn)
Jewellery
 D - a +5 ring of evasion (left hand)
 K - a ring of fire
 L - an amulet of guardian spirit (around neck)
Wands
 r - a wand of flame (19)
Scrolls
 e - 2 scrolls of teleportation {unknown}
 g - a scroll of fog {unknown}
 h - 6 scrolls of identify {unknown}
 i - a scroll of blinking {unknown}
 l - 2 scrolls of vulnerability {unknown}
 o - a scroll of torment {unknown}
 p - a scroll of noise {unknown}
 q - a scroll of amnesia {unknown}
 w - a scroll of silence {unknown}
 y - a scroll of acquirement {unknown}
 F - a scroll of poison {unknown}
 I - a scroll of revelation {unknown}
 J - a scroll of butterflies {unknown}
Potions
 d - 2 potions of haste {unknown}
 f - 3 potions of attraction {unknown}
 j - 3 potions of heal wounds
 x - 2 potions of magic {unknown}
 z - a potion of invisibility {unknown}
 A - 3 potions of degeneration {unknown}
 B - 3 potions of enlightenment {unknown}
 C - 9 potions of curing {unknown}
 E - a potion of lignification {unknown}
 G - 3 potions of mutation {unknown}
 H - a potion of ambrosia {unknown}


   Skills:
 + Level 8.0 Fighting
 * Level 10.6 Axes
 + Level 8.0 Armour
 * Level 10.7 Shields


You had 9 spell levels left.
You didn't know any spells.
Your spell library contained the following spells:

 Spells                   Type           Power      Damage    Failure   Level
 Freeze                   Ice            0%         1d3       98%         1
 Blink                    Tloc           0%         N/A       99%         2
 Cigotuvi's Dreadful Rot  Necr/Alch/Air  0%         N/A       99%         2
 Lesser Beckoning         Tloc           0%         N/A       99%         2
 Momentum Strike          Conj/Tloc      0%         3d8       99%         2
 Frozen Ramparts          Ice            0%         1d1       100%        3
 Fugue of the Fallen      Necr           0%         N/A       100%        3
 Hailstorm                Conj/Ice       0%         3d5       100%        3
 Ozocubu's Armour         Ice            0%         N/A       100%        3
 Volatile Blastmotes      Fire/Tloc      0%         2d10      100%        3
 Anguish                  Hex/Necr       0%         N/A       100%        4
 Brom's Barrelling Bould  Conj/Erth      0%         2d3       100%        4
 Fulminant Prism          Conj/Alch      0%         3d5       100%        4
 Ignite Poison            Fire/Alch      0%         N/A       100%        4
 Iskenderun's Mystic Bla  Conj/Tloc      0%         2d3       100%        4
 Manifold Assault         Tloc           0%         N/A       100%        4
 Fireball                 Conj/Fire      0%         3d3       100%        5
 Freezing Cloud           Conj/Ice/Air   0%         6-21      100%        5
 Iskenderun's Battlesphe  Conj           0%         2d6       100%        5
 Conjure Ball Lightning   Conj/Air       0%         3x3d6     100%        6
 Orb of Destruction       Conj           0%         9d5       100%        7
 Polar Vortex             Ice            0%         N/A       100%        9
 Summon Ice Beast         Ice/Summ       Unusable   N/A       N/A         3
 Animate Dead             Necr           Unusable   N/A       N/A         4
 Haunt                    Necr/Summ      Unusable   N/A       N/A         7
 Infestation              Necr           Unusable   N/A       N/A         8

Dungeon Overview and Level Annotations

Branches:
Dungeon (8/15)             Temple (1/1) D:6         Ossuary (visited)
   Lair: D:8-11

Altars:
Ashenzari
Cheibriados
Dithmenos
Elyvilon
Fedhas
Gozag
Hepliaklqana
Kikubaaqudgha
Makhleb
Nemelex Xobeh
Okawaru
Qazlal
Ru
Sif Muna
Trog
Uskayaw
Vehumet
Wu Jian
Xom
Yredelemnul
Zin
The Shining One

Shops:
D:4 [   D:5 *

Annotations:
D:3 3 runed translucent doors, Sobieck's ghost, amateur VSMo
D:8 Grum; Maggie


Innate Abilities, Weirdness & Mutations

You have a pair of horns on your head.
You reflexively headbutt those who attack you in melee.


Message History

You block the wolf's attack. You block Grum's attack. Maggie barely misses you.
The grasping roots constrict you. The wolf bites you but does no damage.
The grasping roots release their grip on you.
You barely miss Maggie.
Maggie is heavily wounded.
You slash the wolf!
You kill the wolf!
Okawaru accepts your kill.
Maggie casts a spell.
Maggie attempts to bespell you! You resist. You block Grum's attack.
You barely miss Maggie.
Maggie is heavily wounded.
You closely miss Maggie.
Maggie is heavily wounded.
You block Grum's attack. Maggie hits you but does no damage.
You barely miss Maggie. Your headbutt misses Maggie.
Maggie is heavily wounded.
Maggie hits you with a +2 morningstar of distortion!
You blink.
You block Grum's attack. The water moccasin barely misses you.
You furiously retaliate!
You headbutt the water moccasin. You hit the wolf but do no damage.
Your headbutt misses the wolf.
The wolf is moderately wounded.
You miss the water moccasin. The wolf bites you but does no damage.
You block Grum's attack.
The water moccasin bites you but does no damage.
You slash the wolf!
The wolf is almost dead.
You hit the water moccasin. The wolf closely misses you.
You furiously retaliate!
You headbutt the wolf!
You kill the wolf!
Okawaru accepts your kill. You block the water moccasin's attack.
Grum hits you from afar with a -1 spear.
You closely miss the water moccasin.
Your headbutt misses the water moccasin.
The water moccasin is lightly wounded.
You closely miss the wyvern. You block the wyvern's attack.
The water moccasin misses you. You furiously retaliate!
You headbutt the water moccasin! You block Grum's attack.
You block the wyvern's attack.
You miss the water moccasin.
The water moccasin is severely wounded.
You slash the wyvern! The water moccasin barely misses you.
You block the wyvern's attack. Grum misses you.
You block the water moccasin's attack.
You slash the water moccasin!
The water moccasin is almost dead.
You barely miss the wyvern.
You feel like a meek peon again.
The wyvern bites you but does no damage.
You block the water moccasin's attack.
Grum hits you from afar with a -1 spear.
Maggie gestures wildly while chanting.
Maggie attempts to bespell you! You resist with almost no effort.
You slash the water moccasin!
You kill the water moccasin!
Okawaru accepts your kill.
You barely miss the wyvern. The wyvern barely misses you. The wyvern bites you.
You block Grum's attack.
Maggie smiles, but it's obviously fake.
Your Fighting skill increases to level 8!
Your Armour skill increases to level 8!
Unknown command.
Okay, then.
You slash Maggie! You headbutt Maggie, but do no damage.
Maggie is heavily wounded.
You barely miss the wyvern. You block the wyvern's attack.
Grum hits you from afar with a -1 spear.
You block Maggie's attack. The wyvern bites you.
You feel much better. You block the wyvern's attack.
Grum hits you from afar with a -1 spear.
Maggie misses you.
You barely miss Maggie. You headbutt Maggie.
Maggie is severely wounded.
You slash the wyvern! The wyvern bites you. You block Grum's attack.
Maggie gives herself a magical halo, but it quickly sputters out.
You block Maggie's attack. You block the wyvern's attack.
You closely miss Maggie. Your headbutt misses Maggie.
Maggie is severely wounded.
You barely miss the wyvern. The wyvern bites you. You block Grum's attack.
Maggie casts a spell.
Maggie attempts to bespell you! You resist with almost no effort.
The wyvern closely misses you. You furiously retaliate!
You headbutt the wyvern. You slash Maggie!
You headbutt Maggie, but do no damage.
Maggie is severely wounded.
You hit the wyvern but do no damage.
Grum hits you from afar with a -1 spear!
The wyvern bites you!
Maggie mumbles some strange words.
Maggie attempts to bespell you! You resist with almost no effort.
You slash Maggie!
Maggie is almost dead.
You hit the wyvern but do no damage. The wyvern closely misses you.
Grum hits you from afar with a -1 spear!
Maggie zaps a wand.
The roots erupt in riotous growth!
The grasping roots grab you!
Maggie is unaffected.
The wyvern is unaffected.
The grasping roots constrict you.
You die...

### ##.##
##...###########
#.....<........#
##..†#########.#
###.### .g..!
..#@k# #..#.@#
#..............
#.#.....###....
#........ ?.
#.#...... #
#..##..# #..
#..# #.. #..#


You could see Maggie, Grum and a wyvern.

Vanquished Creatures
  Erica (D:7)
  Grinder (D:4)
  Eustachio (D:5)
  2 steam dragons (D:7)
  Menkaure (D:4)
  Edmund (D:4)
  2 water moccasins
  2 ice beasts
  3 sky beasts
  A black bear (D:5)
  2 ogres
  4 wolves (D:8)
  3 bullfrogs
  A gnoll sergeant (D:7)
  4 scorpions
  3 hounds
  2 jellies
  Crazy Yiuf (D:3)
  A human zombie (Ossuary)
  2 orc priests (D:5)
  5 sleepcaps
  4 iguanas
  4 scorpion zombies (Ossuary)
  Ijyb (D:4)
  4 orc wizards
  3 mummies (Ossuary)
  8 adders
  7 gnolls
  2 shadow imps
  6 white imps
  4 ufetubi
  3 dart slugs
  5 ribbon worms
  11 orcs
  6 ball pythons
  7 bats
  11 endoplasms
  2 giant cockroaches
  6 gnoll zombies (Ossuary)
  13 goblins
  3 hobgoblins
  2 jackals (D:1)
  A quokka (D:1)
  6 frilled lizards
  3 jackal zombies (Ossuary)
  5 kobolds
  3 kobold zombies (Ossuary)
  A rat (D:2)
174 creatures vanquished.

Vanquished Creatures (others)
  A sky beast (D:7)
  A hound (D:7)
  An orc wizard (D:7)
3 creatures vanquished.

Grand Total: 177 creatures vanquished

Notes
Turn   | Place    | Note
-------+----------+-------------------------------------------
     0 | D:1      | browni3141 the Minotaur Fighter began the quest for the
                  | Orb.
     0 | D:1      | Reached XP level 1. HP: 19/19 MP: 0/0
   105 | D:1      | Reached XP level 2. HP: 24/27 MP: 1/1
   715 | D:2      | Reached XP level 3. HP: 33/33 MP: 2/2
  1479 | D:2      | Reached XP level 4. HP: 40/40 MP: 3/3
  2210 | D:3      | Found a runed translucent door.
  2211 | D:3      | Noticed Crazy Yiuf
  2282 | D:3      | Found a shadowy altar of Dithmenos.
  2322 | D:3      | Found a runed translucent gate.
  2322 | D:3      | Found a runed translucent gate.
  2322 | D:3      | Found a runed translucent gate.
  2373 | D:3      | Noticed Sobieck's ghost (amateur VSMo)
  2686 | D:3      | Reached XP level 5. HP: 47/47 MP: 4/4
  2727 | D:3      | Found a faded altar of an unknown god.
  2838 | D:3      | Killed Crazy Yiuf
  2841 | D:3      | HP: 2/47 [poisoned by Crazy Yiuf]
  3077 | D:4      | Found Famoda's Armour Emporium.
  3087 | D:4      | Reached skill level 5 in Shields
  3146 | D:4      | Reached skill level 5 in Axes
  3193 | D:4      | Noticed Edmund
  3195 | D:4      | Noticed Ijyb
  3200 | D:4      | Killed Ijyb
  3201 | D:4      | Reached XP level 6. HP: 35/53 MP: 5/5
  3203 | D:4      | Killed Edmund
  3426 | D:4      | Reached skill level 5 in Fighting
  3426 | D:4      | Reached skill level 5 in Armour
  3494 | D:4      | Noticed Grinder
  3503 | D:4      | Paralysed by Grinder for 3 turns
  3506 | D:4      | Killed Grinder
  3507 | D:4      | Reached XP level 7. HP: 38/61 MP: 6/6
  3616 | D:4      | Noticed Menkaure
  3621 | D:4      | Killed Menkaure
  4168 | D:5      | Entered Level 5 of the Dungeon
  4215 | D:5      | Found an opulent altar of Gozag.
  4298 | D:5      | Reached XP level 8. HP: 58/70 MP: 7/7
  4342 | D:5      | Noticed Eustachio
  4352 | D:5      | Killed Eustachio
  4576 | D:5      | Found Gozag's Platinum Reserve.
  5033 | D:6      | Found a shimmering blue altar of Sif Muna.
  5206 | D:6      | Found a sand-covered staircase.
  5234 | Ossuary  | Entered an ossuary
  5517 | D:6      | Reached XP level 9. HP: 78/78 MP: 8/8
  5524 | D:6      | Got the Codex of the Crevasse and the Crypt
  5980 | D:6      | Found a staircase to the Ecumenical Temple.
  5991 | Temple   | Entered the Ecumenical Temple
  5998 | Temple   | Became a worshipper of Warmaster Okawaru
  6605 | D:7      | Reached * piety under Okawaru
  6791 | D:7      | Reached skill level 10 in Shields
  6871 | D:8      | Noticed Erica
  6885 | D:7      | Killed Erica
  6886 | D:7      | Reached skill level 10 in Axes
  7088 | D:8      | Noticed Grum
  7089 | D:8      | Noticed Maggie
  7099 | D:8      | Reached XP level 10. HP: 48/88 MP: 5/9
  7117 | D:8      | HP: 4/88 [Grum/-1 spear (10)]
  7117 | D:8      | Constricted to death by Maggie

Illustrated notes

Levels and vault maps discovered:
D:1:      nzn_arrival_crosshair, layout_rooms, minmay_hedge_maze, moated_statue,
          roderic_filled_cross
D:2:      layout_basic, minmay_misc_feat_square, minmay_quadrilaterals
D:3:      layout_rooms, mainiacjoe_overflow_24_doors,
          hellmonk_ecumenical_altar_inner_sanctum,
          mainiacjoe_sewer_entry_somewhere_in_here_1, gammafunk_ghost_icy,
          dk_noncrumbling_2, uniq_crazy_yiuf_cottage
D:4:      layout_loops_ring, serial_shops, shop, solitary_fountain,
          uniq_grinder, uniq_ijyb, uniq_menkaure, uniq_edmund
D:5:      layout_gridville, nicolae_gozag_zags_fifth_avenue, uniq_eustachio
D:6:      layout_loops_cross, mainiacjoe_overflow_small_starburst,
          minmay_temple_entry_trees, serial_library,
          serial_library_hellmonk_filled_rooms,
          serial_library_regret_index_headful,
          serial_library_regret_index_branch_corner,
          serial_library_hellmonk_open_square,
          serial_library_hellmonk_small_alcove,
          serial_library_hellmonk_open_cross, enter_ossuary_3
D:7:      layout_rooms, solitary_fountain, nicolae_fountain_basement
D:8:      layout_loops_ring, uniq_grum, uniq_erica, uniq_maggie
Temple:   hellmonk_temple_of_storms

Skill      XL: |  1  2  3  4  5  6  7  8  9 10 |
---------------+-------------------------------+-----
Axes           | 3 4 5 6 7 8 10 | 10.6
Fighting       | 4 5 6 7 8 |  8.0
Armour         | 4 5 6 7 8 |  8.0
Shields        | 4 5 6 7 8 10 | 10.7

Action                     |  1- 3 |  4- 6 |  7- 9 | 10-12 || total
---------------------------+-------+-------+-------+-------++-------
  Melee: War axe           |    72 |   107 |   282 |    17 ||   478
         Headbutt          |     7 |    14 |    45 |     3 ||    69
 Invoke: Heroism           |       |       |       |     1 ||     1
  Evoke: Wand              |       |       |     3 |       ||     3
    Use: Potion            |       |     1 |     1 |     1 ||     3
 Armour: Scale mail        |    60 |    14 |   194 |    19 ||   287
         Chain mail        |       |    79 |       |       ||    79
  Dodge: Dodged            |    29 |    18 |    87 |    11 ||   145
  Block: Buckler           |    25 |       |       |       ||    25
         Tower shield      |       |    82 |   272 |    27 ||   381
